 Dungeon Crawl Stone Soup version 0.21.1-1-g345015f (webtiles) character file.

46 inc the Conjurer (level 3, 14/14 HPs)
             Began as a Felid Fire Elementalist on Feb 26, 2018.
             Quit the game on level 3 of the Dungeon.
             The game lasted 00:03:38 (1864 turns).

inc the Conjurer (Felid Fire Elementalist)          Turns: 1864, Time: 00:03:38

Health: 14/14      AC:  1    Str:  4    XL:     3   Next: 46%
Magic:  7/7        EV: 18    Int: 17    God:
Gold:   81         SH:  0    Dex: 16    Spells: 5/6 levels left
                                        Lives:  0   Deaths: 1

rFire    . . .     SeeInvis +   (weapon unavailable)
rCold    . . .     Gourm    .   (shield unavailable)
rNeg     . . .     Faith    .   (armour unavailable)
rPois    .         Spirit   .   (helmet unavailable)
rElec    .         Reflect  .   (cloak unavailable)
rCorr    .         Harm     .   (gloves unavailable)
MR       .....                  (boots unavailable)
Stlth    +++.......             (no amulet)
HPRegen  0.04/turn              (no ring)
MPRegen  0.10/turn              (no ring)

@: quick
A: very small, no armour, no weapons or thrown items, stealth, claws 1, fangs 3,
see invisible, carnivore, speed 1, shaggy fur 1, slow metabolism 1, sharp paws
a: no special abilities


You were on level 3 of the Dungeon.
You were not hungry.

You visited 1 branch of the dungeon, and saw 4 of its levels.

You collected 81 gold pieces.

Inventory:

Jewellery
 c - an uncursed amulet of rage {unknown}
Scrolls
 d - 2 scrolls of remove curse
 e - a scroll of identify
 f - 2 scrolls of teleportation {unknown}
 h - a scroll of amnesia
 i - a scroll of enchant weapon {unknown}
 k - a scroll of fog {unknown}
Potions
 g - 4 potions of invisibility
 j - a potion of curing {unknown}
Books
 a - a book of Flames

   Spells                             Type                      Level
   a - Flame Tongue                   Conjuration/Fire             1
   b - Throw Flame                    Conjuration/Fire             2
   c - Conjure Flame                  Conjuration/Fire             3
   d - Inner Flame                    Hexes/Fire                   3
   e - Sticky Flame                   Conjuration/Fire             4
   f - Fireball                       Conjuration/Fire             5
Comestibles
 b - 5 rations


   Skills:
 - Level 2.6 Dodging
 - Level 2.6 Stealth
 - Level 2.0 Spellcasting
 + Level 3.7 Conjurations
 * Level 3.0 Fire Magic


You had 5 spell levels left.
You knew the following spells:

 Your Spells              Type           Power        Failure   Level  Hunger
a - Flame Tongue          Conj/Fire      ##...        4%          1    #......


Dungeon Overview and Level Annotations

Branches:
Dungeon (4/15)
 Temple: D:4-7

Altars:
Sif Muna

Annotations:
D:2 Sigmund
D:3 bosm's ghost, amateur VSAs
D:4 inc's ghost, amateur FeFE


Innate Abilities, Weirdness & Mutations

You cannot wear armour.
You are incapable of wielding weapons or throwing items.
Your paws allow you to move quietly. (Stealth)
You have sharp claws.
You have razor-sharp teeth.
You have supernaturally acute eyesight. (SInv)
You are carnivorous and can eat meat at any time.
You cover ground quickly.
You are covered in fur. (AC +1)
You have a slow metabolism.
Your sharp claws are effective at attacking unaware monsters.


Message History

The worker ant poisons you! The worker ant bites you.
* * * LOW HITPOINT WARNING * * *
You are more poisoned.
The worker ant poisons you!
Casting: Flame Tongue
Confirm with . or Enter, or press ? or * to list all spells.
Aiming: Flame Tongue
Press: ? - help, Shift-Dir - straight line, f/p - worker ant
Aim: a worker ant (severely wounded)
You miscast Flame Tongue.
You are very lightly contaminated with residual magic.
Nothing appears to happen.
* * * LOW HITPOINT WARNING * * *
You feel sick. The worker ant bites you.
You die...
You are now level 3!
You rejoin the land of the living...
Found a leather armour and a ration.
Unknown command.
Are you sure you want to abandon this character and quit the game? (Confirm with "yes".)

######
#%# .#
#<†..#
#.#####.#
#....a.#
#........
########
#......#
#......#
#......#
#......##
#@.......
#.[....##
#......#
#......#
..#+####
... ...
....


There were no monsters in sight!

Vanquished Creatures
  8 adders
  A worm (D:2)
  A leopard gecko (D:2)
  5 bats
  A giant cockroach (D:1)
  4 goblins
  A hobgoblin (D:3)
  3 frilled lizards
  3 kobolds
  3 rats
30 creatures vanquished.

Notes
Turn   | Place    | Note
-------+----------+-------------------------------------------
     0 | D:1      | inc the Felid Fire Elementalist began the quest for the Orb.
     0 | D:1      | Reached XP level 1. HP: 7/7 MP: 4/4
    40 | D:1      | Reached skill level 1 in Conjurations
   662 | D:2      | Reached XP level 2. HP: 11/11 MP: 6/6
   931 | D:2      | Reached XP level 3. HP: 14/14 MP: 5/7
  1249 | D:2      | Reached XP level 4. HP: 16/18 MP: 6/8
  1458 | D:2      | Found a deep blue altar of Sif Muna.
  1458 | D:2      | Noticed Sigmund
  1645 | D:3      | Noticed bosm's ghost (amateur VSAs)
  1716 | D:4      | Noticed inc's ghost (amateur FeFE)
  1863 | D:3      | Slain by a worker ant
  1864 | D:3      | Reached XP level 3. HP: 0/14 MP: 1/7
  1864 | D:3      | Quit the game

Skill      XL: |  1  2  3  4 |
---------------+-------------+-----
Conjurations   | 1 2 3 |  3.7
Fire Magic     | 3 |  3.0
Dodging        | |  2.6
Stealth        | |  2.6
Spellcasting   | |  2.0

Action                   |  1- 3 |  4- 6 || total
-------------------------+-------+-------++-------
Melee: Unarmed           |     4 |       ||     4
       Bite              |     1 |       ||     1
 Cast: Flame Tongue      |    35 |    25 ||    60
  Use: Scroll            |     4 |       ||     4
       Potion            |     1 |       ||     1
 Stab: Sleeping          |     1 |       ||     1
  Eat: Chunk             |     5 |     2 ||     7
Armor: Skin              |     1 |     2 ||     3
Dodge: Dodged            |    11 |    21 ||    32
